 Dungeon Crawl Stone Soup version 0.26.0-15-gc6cd9f700b (webtiles) character file.

Game seed: 1270996318803149080

322 jackrogers the Chopper (level 6, -10/37 HPs)
             Began as a Gargoyle Berserker on Jan 17, 2021.
             Was a Believer of Trog.
             Mangled by an ogre
             ... wielding a +0 giant spiked club
              (27 damage)
             ... on level 4 of the Dungeon.
             The game lasted 00:03:37 (3108 turns).

jackrogers the Chopper (Gargoyle Berserker)         Turns: 3108, Time: 00:03:38

Health: -10/37     AC: 15    Str: 23    XL:     6   Next: 47%
Magic:  6/6        EV:  8    Int:  7    God:    Trog [**....]
Gold:   163        SH:  0    Dex:  9    Spells: 5/5 levels left

rFire    . . .     SeeInvis .   a - +1 hand axe
rCold    . . .     Faith    .   (no shield)
rNeg     + . .     Spirit   .   g - +0 chain mail
rPois    ∞         Reflect  .   m - +1 helmet
rElec    +         Harm     .   (no cloak)
rCorr    .         Rampage  .   (no gloves)
Will     .....                  (no boots)
Stlth    ..........             (no amulet)
HPRegen  0.12/turn              (no ring)
MPRegen  0.10/turn              (no ring)

@: no status effects
A: negative energy resistance 1, electricity resistance, unbreathing,
petrification resistance, miasma immunity, AC +4
a: Renounce Religion, Berserk, Trog's Hand


You were on level 4 of the Dungeon.
You worshipped Trog.
Trog was pleased with you.
You visited 1 branch of the dungeon, and saw 4 of its levels.

You collected 163 gold pieces.

Inventory:

Hand Weapons
 a - a +1 hand axe (weapon)
Armour
 b - a +0 animal skin
 g - a +0 chain mail (worn)
   (You found it on level 2 of the Dungeon)
 m - a +1 helmet (worn)
   (You took it off Robin on level 2 of the Dungeon)
Scrolls
 d - a scroll of fog
 e - 2 scrolls of identify
 k - 2 scrolls of teleportation
 l - a scroll of enchant weapon
 n - a scroll of remove curse
Potions
 c - a potion of flight
 f - a potion of lignification {!q}
 h - a potion of brilliance
 i - 2 potions of heal wounds
 j - 3 potions of curing


   Skills:
 - Level 3.2 Fighting
 + Level 6.4 Axes
 - Level 2.1 Armour
 - Level 1.5 Dodging


You had 5 spell levels left.
You didn't know any spells.
Your spell library was empty.

Dungeon Overview and Level Annotations

Branches:
Dungeon (4/15)
 Temple: D:4-7

Altars:
Makhleb
Trog


Innate Abilities, Weirdness & Mutations

You are resistant to torment.
Your stone body is resilient. (AC +4)
You are immune to poison.
You resist negative energy. (rN+)
You are resistant to electric shocks. (rElec)
You can survive without breathing.
You are immune to petrification.
You are immune to miasma.


Message History

A leopard gecko is nearby!
You miss the leopard gecko. The leopard gecko barely misses you.
The leopard gecko completely misses you.
You slash the leopard gecko!
You kill the leopard gecko!
Trog accepts your kill.
No target in view!
No target in view!
You see here a leopard gecko corpse.
A worm comes into view.
A worm is nearby!
A worm is nearby!
A worm is nearby!
You hit the worm. The worm bites you but does no damage.
You hit the worm. The worm closely misses you.
You slash the worm! You hit the worm but do no damage. The worm bites you.
You hit the worm. You hit the worm. The worm bites you.
A worm is nearby!
A worm is nearby!
You slash the worm!
You kill the worm!
Trog accepts your kill.
You open the door.
There is an open door here.
There is an open door here.
There is an open door here.
Things that are here:
a +0 mace; a +0 leather armour You see here a jackal skeleton.
Done exploring.
Done exploring.
Done exploring.
Done exploring.
Done exploring.
(D) Dungeon
Where to? (Enter - D:3, ? - help)
There is a stone staircase leading down here.
You climb downwards.
A frilled lizard and 2 gnolls come into view.
The frilled lizard hisses angrily.
The gnoll shouts! x2; You hear a shout! x2
There is a stone staircase leading up here.
Warning x2: The gnoll can hit for moderate damage in melee, and throws nets! x2
Okay, then.
The frilled lizard hisses.
You climb upwards.
There is a stone staircase leading down here.
As you read the scroll of identify, it crumbles to dust.
h - a potion of brilliance
As you read the scroll of identify, it crumbles to dust.
c - a potion of flight
As you read the scroll of identify, it crumbles to dust.
i - 2 potions of heal wounds
As you read the scroll of identify, it crumbles to dust.
f - a potion of lignification Done exploring.
There is a stone staircase leading down here.
You climb downwards.
There is a stone staircase leading up here.
You climb upwards.
There is a stone staircase leading down here.
There is a stone staircase leading down here.
You climb downwards.
Found a scroll of teleportation.
Found a stone staircase leading down.
There is a stone staircase leading up here.
k - 2 scrolls of teleportation (gained 1)
A leopard gecko comes into view.
You hit the leopard gecko.
The leopard gecko bites you but does no damage.
You slash the leopard gecko!
You kill the leopard gecko!
Trog accepts your kill.
No target in view!
Okay, then.
You now have 154 gold pieces (gained 7).
n - a scroll of remove curse You now have 163 gold pieces (gained 9).
An ogre comes into view. It is wielding a +0 giant spiked club.
The ogre shouts!
Spoiler Alert: The ogre can hit for high damage in melee!
An ogre is nearby!
An ogre is nearby!
An ogre is nearby!
The ogre closely misses you.
You completely miss the ogre. The ogre hits you but does no damage.
Your chain mail prevents you from hitting the ogre.
The ogre hits you with a +0 giant spiked club!
Spoiler Alert: The ogre can hit for high damage in melee!
You hit the ogre. You hit the ogre.
The ogre hits you with a +0 giant spiked club!
You are too injured to fight recklessly!
You are too injured to fight recklessly!
You are too injured to fight recklessly!
Spoiler Alert: The ogre can hit for high damage in melee!
You hit the ogre.
The ogre hits you with a +0 giant spiked club!!
Ouch! That really hurt!
You die...

#.........# #.....#
#.........###.....#
#................##
..........##...###
.........###...#
##.##..####...#
#..........#
#.#........#
#@#..####.##
#O#...# ... #.#...#
..#.# #.....# ..#
.. #####.# ..# # .#


You could see an ogre.

Vanquished Creatures
  Sigmund (D:2)
  An orc priest (D:3)
  Robin (D:2)
  3 gnolls (D:2)
  An ooze (D:2)
  3 worms
  2 dart slugs
  4 leopard geckos
  5 orcs (D:3)
  2 ball pythons (D:2)
  4 bats
  2 giant cockroaches
  11 goblins
  2 hobgoblins (D:2)
  5 jackals
  4 kobolds
  2 quokkas (D:2)
  3 frilled lizards
  10 rats
66 creatures vanquished.

Vanquished Creatures (others)
  3 plants (D:4)
3 creatures vanquished.

Grand Total: 69 creatures vanquished

Notes
Turn   | Place    | Note
-------+----------+-------------------------------------------
     0 | D:1      | jackrogers the Gargoyle Berserker began the quest for the
                  | Orb.
     0 | D:1      | Reached XP level 1. HP: 14/14 MP: 1/1
     2 | D:1      | Noticed a dwarf
     2 | D:1      | Noticed a gargoyle
     4 | D:1      | Noticed a vine stalker
     4 | D:1      | Noticed an octopode
     6 | D:1      | Noticed a vampire
     6 | D:1      | Noticed a naga
     8 | D:1      | Noticed a minotaur
     8 | D:1      | Noticed a spriggan
    10 | D:1      | Noticed a merfolk
    10 | D:1      | Noticed a felid
    12 | D:1      | Noticed a centaur
    12 | D:1      | Noticed a halfling
    14 | D:1      | Noticed a tengu
    16 | D:1      | Noticed an elf
    18 | D:1      | Noticed a troll
    20 | D:1      | Noticed a formicid
    20 | D:1      | Noticed a draconian
    22 | D:1      | Noticed a demonspawn
    22 | D:1      | Noticed a human
    24 | D:1      | Noticed an ogre
    24 | D:1      | Noticed a ghoul
    26 | D:1      | Noticed a demigod
    61 | D:1      | Reached skill level 3 in Axes
   420 | D:1      | Reached XP level 2. HP: 19/19 MP: 2/2
   996 | D:2      | Noticed Sigmund
  1005 | D:2      | Killed Sigmund
  1006 | D:2      | Reached skill level 5 in Axes
  1006 | D:2      | Reached XP level 3. HP: 16/23 MP: 3/3
  1006 | D:2      | Reached XP level 4. HP: 20/28 MP: 4/4
  1006 | D:2      | Reached XP level 5. HP: 23/32 MP: 5/5
  1502 | D:2      | Noticed a moth of wrath
  1505 | D:2      | Found a bloodstained altar of Trog.
  1524 | D:2      | Reached ** piety under Trog
  1660 | D:2      | Found a burning altar of Makhleb.
  1706 | D:2      | Reached XP level 6. HP: 33/37 MP: 6/6
  1743 | D:2      | Reached skill level 6 in Axes
  1771 | D:2      | Noticed Robin
  1790 | D:2      | Killed Robin
  3108 | D:4      | Mangled by an ogre

Illustrated notes

Levels and vault maps discovered:
D:1:      kb_arrival_jail, layout_loops_corners
D:2:      layout_loops_ring, tgw_trog, chequers_arboretum, bloody_makhleb,
          uniq_robin, uniq_sigmund
D:3:      layout_basic
D:4:      minmay_door_path, layout_basic, grunt_dithmenos_shadows,
          serial_bayou_lake_a

Skill      XL: |  1  2  3  4  5  6 |
---------------+-------------------+-----
Axes           | 3 5 6 |  6.4
Fighting       | |  3.2
Armour         | |  2.1
Dodging        | |  1.5

Action                   |  1- 3 |  4- 6 || total
-------------------------+-------+-------++-------
Melee: Hand axe          |    39 |   142 ||   181
Invok: Berserk           |     1 |     1 ||     2
  Use: Scroll            |     5 |     8 ||    13
 Stab: Sleeping          |     1 |       ||     1
Armor: Animal skin       |    12 |     2 ||    14
       Chain mail        |       |   102 ||   102
Dodge: Dodged            |    19 |    80 ||    99

Table legend: (Time is in decaauts)
 A = Elapsed time spent in this place.
 B = Non-inter-level travel time spent in this place.
 C = Inter-level travel time spent in this place.
 D = Time resting spent in this place.
 E = Time spent auto-exploring this place.
 F = Levels seen in this place.
 G = Mean time per level.
                   A        B        C        D        E       F      G
               +--------+--------+--------+--------+--------+-----+--------+
         Total |   3131 |   2965 |    166 |    344 |   2161 |   4 |  782.8 |
       Dungeon |   3131 |   2965 |    166 |    344 |   2161 |   4 |  782.8 |
               +--------+--------+--------+--------+--------+-----+--------+

Top non-repeatable levels by time:
     D:2: 1056 daAuts
     D:3: 1024 daAuts
     D:1: 993 daAuts
     D:4: 56 daAuts

Table legend:
 A = Kills in this place as a percentage of kills in entire the game.
 B = Kills by you in this place as a percentage of kills by you in the entire game.
 C = Kills by friends in this place as a percentage of kills by friends in the entire game.
 D = Other kills in this place as a percentage of other kills in the entire game.
 E = Experience gained in this place as a percentage of experience gained in the entire game.
 F = Experience gained in this place divided by the number of levels of this place that you have seen.
                   A       B       C       D       E      F
               +-------+-------+-------+-------+-------+----------------------
         Total | 100.0 | 100.0 |   N/A |   N/A | 100.0 | 115.2
       Dungeon | 100.0 | 100.0 |   N/A |   N/A | 100.0 | 115.2
               +-------+-------+-------+-------+-------+----------------------
